 Dungeon Crawl Stone Soup version 0.22.1-1-ga44c0e5 (webtiles) character file.

757 magicm the Shooter (level 8, -1/59 HPs)
             Began as a Human Hunter on Nov 11, 2018.
             Was a Priest of Cheibriados.
             Slain by an ogre
             ... wielding a +0 giant spiked club
              (13 damage)
             ... on level 5 of the Dungeon.
             The game lasted 00:25:25 (3598 turns).

magicm the Shooter (Human Hunter)                   Turns: 3598, Time: 00:25:26

Health: -1/59      AC: 16    Str: 19    XL:     8   Next: 7%
Magic:  8/8        EV: 13    Int: 20    God:    Cheibriados [***...]
Gold:   215        SH:  5    Dex: 19    Spells: 7/7 levels left

rFire    . . .     SeeInvis .   b - +0 short sword
rCold    + . .     Gourm    .   (no shield)
rNeg     . . .     Faith    .   t - +2 ring mail {rC+}
rPois    .         Spirit   .   n - +2 hat
rElec    .         Reflect  +   o - +0 cloak
rCorr    .         Harm     .   k - +0 pair of gloves
MR       .....                  l - +0 pair of boots
Stlth    +.........             h - +5 amulet of reflection
HPRegen  0.19/turn              q - +3 ring of protection
MPRegen  0.11/turn              z - +1 ring of evasion

@: very slow
A: no striking features
a: Bend Time, Temporal Distortion, Renounce Religion


You were on level 5 of the Dungeon.
You worshipped Cheibriados.
Cheibriados was most pleased with you.
You were not hungry.

You visited 1 branch of the dungeon, and saw 5 of its levels.

You collected 215 gold pieces.

Inventory:

Hand Weapons
 a - a +3 shortbow
 b - a +0 short sword (weapon)
 B - a +1 shortbow of flaming
Armour
 k - a +0 pair of gloves (worn)
 l - a +0 pair of boots (worn)
 n - a +2 hat (worn)
 o - a +0 cloak (worn)
 t - a +2 ring mail of cold resistance (worn)
Jewellery
 h - a +5 amulet of reflection (around neck)
 q - a +3 ring of protection (left hand)
 s - an uncursed amulet of the acrobat {unknown}
 z - a +1 ring of evasion (right hand)
 D - an uncursed amulet of faith {unknown}
Wands
 y - a wand of flame (29)
Scrolls
 j - 3 scrolls of remove curse
 u - 2 scrolls of teleportation
Potions
 c - a potion of invisibility {unknown}
 e - 2 potions of magic {unknown}
 i - a potion of curing {unknown}
 m - a potion of mutation {unknown}
 r - a potion of ambrosia {unknown}
 v - a potion of haste {unknown}
 w - a potion of brilliance {unknown}
 x - a potion of lignification {unknown}
 A - a potion of might {unknown}
Comestibles
 f - 6 rations


   Skills:
 + Level 3.6 Fighting
 + Level 1.6 Short Blades
 + Level 7.5 Bows
 + Level 2.9 Armour
 + Level 2.8 Dodging
 + Level 1.3 Stealth


You had 7 spell levels left.
You didn't know any spells.
Your spell library was empty.

Dungeon Overview and Level Annotations

Branches:
Dungeon (5/15)             Temple (0/1) D:4

Altars:
Cheibriados
Dithmenos
Qazlal
Sif Muna
Trog
Uskayaw
Vehumet
Yredelemnul
Zin

Annotations:
D:4 2 transporters
D:5 3 runed doors, poxu's ghost, amateur DsNe


Message History

The ogre is severely wounded.
The ogre misses you.
You barely miss the ogre.
The ogre is severely wounded.
You barely miss the ogre.
The ogre is severely wounded.
The ogre misses you.
You barely miss the ogre.
The ogre is severely wounded.
The ogre closely misses you.
You hit the ogre.
The ogre is almost dead.
The ogre hits you with a giant spiked club!!
* * * LOW HITPOINT WARNING * * *
Your ring mail prevents you from hitting the ogre.
The ogre is almost dead.
You completely miss the ogre.
The ogre is almost dead.
The ogre hits you with a giant spiked club!
You die...

####.##..... ..# #.# #.#
....O##..## #.######.########.#
..#.......## #.##............#.#
#..#(#.#.#.# #.##.###.######.#.#
#..(.).....###.##.##..# #.....#
#.#.#.#.#.#.......##.#####.....#
#............#.#####.##........#
.#.#.#.#.#.#.......(.........†.#
...............O@...[...#......#
#.#.#.#.#.#.#...#.##.#.........##
..$.............#.##.............
.#.#.#.#.#.#......####.........##
#...........#.#.#># .##....####
#.#.#.#.#.#.#.#$# ##........
..........#.#.# #....####
#.#.#.##.#.#.# ##.#. .. #.. ..


You could see an ogre.

Vanquished Creatures
  An ogre (D:2)
  A centaur (D:5)
  2 jellies (D:2)
  A bullfrog zombie (D:5)
  2 crimson imps (D:5)
  A hound (D:4)
  An orc wizard (D:4)
  2 worker ants (D:4)
  2 hound zombies
  3 gnolls (D:3)
  10 adders
  A shadow imp (D:5)
  10 oozes
  3 worms
  3 dart slugs
  2 leopard geckos
  7 orcs
  2 ball pythons (D:1)
  5 bats
  3 giant cockroaches
  5 goblins
  5 hobgoblins
  2 jackals (D:1)
  5 quokkas
  7 frilled lizards
  13 kobolds
  A leopard gecko skeleton (D:5)
  13 rats
113 creatures vanquished.

Vanquished Creatures (others)
  10 toadstools (D:2)
10 creatures vanquished.

Grand Total: 123 creatures vanquished

Notes
Turn   | Place    | Note
-------+----------+-------------------------------------------
     0 | D:1      | magicm the Human Hunter began the quest for the Orb.
     0 | D:1      | Reached XP level 1. HP: 16/16 MP: 1/1
   106 | D:1      | Reached XP level 2. HP: 22/22 MP: 2/2
   427 | D:1      | Reached XP level 3. HP: 25/27 MP: 3/3
   836 | D:2      | Found a snail-covered altar of Cheibriados.
   840 | D:2      | Became a worshipper of Cheibriados the Contemplative
   857 | D:2      | Reached skill level 5 in Bows
   893 | D:2      | Reached XP level 4. HP: 32/34 MP: 4/4
  1000 | D:2      | Reached * piety under Cheibriados
  1082 | D:2      | Found a bloodstained altar of Trog.
  1149 | D:2      | Noticed an ogre
  1155 | D:2      | Killed an ogre
  1155 | D:2      | Reached skill level 1 in Armour
  1155 | D:2      | Reached XP level 5. HP: 40/40 MP: 5/5
  1217 | D:2      | Found a faded altar of an unknown god.
  1233 | D:2      | Reached skill level 6 in Bows
  1269 | D:2      | Reached XP level 6. HP: 40/47 MP: 6/6
  1301 | D:2      | Reached ** piety under Cheibriados
  1936 | D:3      | Found a stormy altar of Qazlal.
  2064 | D:3      | Found a hide-covered altar of Uskayaw.
  2416 | D:4      | Reached XP level 7. HP: 52/52 MP: 7/7
  2421 | D:4      | Reached skill level 7 in Bows
  2495 | D:4      | Found a radiant altar of Vehumet.
  2512 | D:4      | Found a glowing silver altar of Zin.
  2840 | D:4      | Found a basalt altar of Yredelemnul.
  2840 | D:4      | Found a shadowy altar of Dithmenos.
  2841 | D:4      | Found a transporter.
  2852 | D:4      | Found a transporter.
  2915 | D:4      | Found a staircase to the Ecumenical Temple.
  3057 | D:5      | Entered Level 5 of the Dungeon
  3080 | D:5      | Reached skill level 1 in Short Blades
  3139 | D:5      | Found a deep blue altar of Sif Muna.
  3203 | D:5      | Reached *** piety under Cheibriados
  3335 | D:5      | Reached XP level 8. HP: 59/59 MP: 8/8
  3383 | D:5      | Found a runed gate.
  3383 | D:5      | Noticed poxu's ghost (amateur DsNe)
  3384 | D:5      | Found a runed gate.
  3384 | D:5      | Found a runed gate.
  3598 | D:5      | Slain by an ogre

Skill      XL: |  1  2  3  4  5  6  7 |
---------------+----------------------+-----
Bows           | 5 6 7 |  7.5
Armour         | 1 2 |  2.9
Fighting       | 3 |  3.6
Short Blades   | 1 |  1.6
Dodging        | |  2.8
Stealth        | |  1.3

Action                   |  1- 3 |  4- 6 |  7- 9 || total
-------------------------+-------+-------+-------++-------
Melee: Short sword       |       |    13 |   131 ||   144
 Fire: Shortbow          |    53 |   140 |    69 ||   262
Invok: Bend Time         |       |       |     2 ||     2
  Use: Scroll            |     9 |     3 |     4 ||    16
       Potion            |       |       |     2 ||     2
  Eat: Ration            |       |     1 |       ||     1
       Chunk             |       |     1 |       ||     1
Armor: Leather armour    |     1 |    25 |       ||    26
       Ring mail         |       |       |    72 ||    72
Dodge: Dodged            |     6 |    39 |    88 ||   133
Block: Other             |       |     5 |    33 ||    38
       Reflection        |       |       |     3 ||     3
